 Dungeon Crawl Stone Soup version 0.18-a0-1542-g9c1a92e (webtiles) character file.

7316 Kilingo the Firebug (level 11, -6/63 HPs)
             Began as a Gargoyle Earth Elementalist on Mar 9, 2016.
             Was a Believer of Nemelex Xobeh.
             Mangled by a komodo dragon (23 damage)
             ... on level 9 of the Dungeon on Mar 11, 2016.
             The game lasted 04:58:01 (12191 turns).

Kilingo the Firebug (Gargoyle Earth Elementalist)  Turns: 12191, Time: 04:58:01

Health: -6/63      AC: 16    Str: 12    XL:     11   Next: 13%
Magic:  6/18       EV: 12    Int: 18    God:    Nemelex Xobeh [**....]
Gold:   406        SH:  0    Dex: 11    Spells: 5 memorised, 7 levels left

rFire  . . .     SeeInvis .       - Unarmed
rCold  + . .     Gourm    .     P - +1 ring mail {MR+}
rNeg   + . .     Faith    .     (no shield)
rPois  ∞         Spirit   .     (no helmet)
rElec  +         Dismiss  .     (no cloak)
rCorr  .         Reflect  .     (no gloves)
SustAt .         Harm     .     q - +1 pair of boots
MR     +....                    (no amulet)
Stlth  +.........               (no ring)
                                w - ring of protection from cold

@: somewhat resistant to hostile enchantments, very unstealthy
A: negative energy resistance 1, electricity resistance, unbreathing,
petrification resistance, rot immunity, AC +7
a: Renounce Religion


You were on level 9 of the Dungeon.
You worshipped Nemelex Xobeh.
Nemelex Xobeh was pleased with you.
You were not hungry.

You visited 2 branches of the dungeon, and saw 10 of its levels.
You also visited: Sewer.

You collected 532 gold pieces.
You spent 126 gold pieces at shops.

Inventory:

Hand Weapons
 b - a +0 blowgun
 F - a +3 hand crossbow of flaming
 L - a +0 shortbow of velocity
Missiles
 r - 21 poisoned needles
 u - 13 arrows of frost
 E - 7 needles of frenzy
 M - 106 arrows
 N - 55 bolts
Armour
 q - a +1 pair of boots (worn)
 O - a +0 chain mail of cold resistance
 P - a +1 ring mail of magic resistance (worn)
Jewellery
 w - a ring of protection from cold (left hand)
Wands
 x - a wand of acid (0/15)
 G - a wand of polymorph (9/24)
Scrolls
 e - a scroll of magic mapping {unknown}
 f - 2 scrolls of blinking {unknown}
 h - a scroll of recharging {unknown}
 i - 3 scrolls of remove curse
 n - 5 scrolls of teleportation
 p - a scroll of amnesia {unknown}
 s - a scroll of fog {unknown}
 t - 2 scrolls of immolation
 J - a scroll of acquirement {unknown}
Potions
 a - a potion of might {unknown}
 k - 2 potions of cure mutation
 m - 2 potions of degeneration {unknown}
 o - a potion of agility
 v - a potion of cancellation {unknown}
 z - 3 potions of flight
 A - 2 potions of magic
 B - 2 potions of heal wounds
 K - a potion of lignification {unknown}
Books
 c - a book of Geomancy

   Spells                             Type                      Level
   a - Sandblast                      Earth                        1
   b - Passwall                       Transmutation/Earth          2
   c - Stone Arrow                    Conjuration/Earth            3
   d - Petrify                        Transmutation/Earth          4
   e - Lee's Rapid Deconstruction     Earth                        5
 y - a book of Flames

   Spells                             Type                      Level
   a - Flame Tongue                   Conjuration/Fire             1
   b - Throw Flame                    Conjuration/Fire             2
   c - Conjure Flame                  Conjuration/Fire             3
   d - Inner Flame                    Hexes/Fire                   3
   e - Sticky Flame                   Conjuration/Fire             4
   f - Fireball                       Conjuration/Fire             5
 C - a book of Dreams

   Spells                             Type                      Level
   a - Ensorcelled Hibernation        Hexes/Ice                    2
   b - Silence                        Hexes/Air                    5
   c - Darkness                       Hexes                        6
   d - Shadow Creatures               Summoning                    6
Miscellaneous
 D - a plain deck of destruction {drawn: 2}
 H - an ornate deck of war {drawn: 4}
Comestibles
 d - 6 bread rations
 g - 6 beef jerkies
 j - 4 meat rations
 I - 2 chunks of flesh


   Skills:
 + Level 5.0 Fighting
 + Level 5.0 Bows
 + Level 5.0 Throwing
 + Level 5.0 Armour
 + Level 5.0 Dodging
 - Level 2.8 Stealth
 + Level 5.0 Unarmed Combat
 + Level 5.0 Spellcasting
 + Level 5.0 Conjurations
   Level 0.7 Transmutations
 - Level 5.1 Fire Magic
 + Level 5.0 Earth Magic
 + Level 5.0 Evocations


You had 7 spell levels left.
You knew the following spells:

 Your Spells              Type           Power        Failure   Level  Hunger
a - Sandblast             Erth           ###...       4%          1    None
b - Stone Arrow           Conj/Erth      ###...       12%         3    ##.....
c - Throw Flame           Conj/Fire      ###...       8%          2    #......
d - Conjure Flame         Conj/Fire      ###.....     12%         3    ##.....
e - Sticky Flame          Conj/Fire      ###.....     38%         4    ####...


Dungeon Overview and Level Annotations

Branches:
Dungeon (9/15)             Temple (1/1) D:5             Orc (0/2) D:9
   Lair: D:8-11

Altars:
Ashenzari
Cheibriados
Dithmenos
Elyvilon
Fedhas
Gozag
Kikubaaqudgha
Makhleb
Nemelex Xobeh
Okawaru
Pakellas
Qazlal
Ru
Sif Muna
Trog
Vehumet
Xom
Yredelemnul
Zin
The Shining One

Shops:
D:8 (

Annotations:
D:5 M4edhros's ghost, novice OpAr


Innate Abilities, Weirdness & Mutations

You are resistant to torment.
Your stone body is resilient (AC +7).
You are immune to poison.
You resist negative energy.
You are resistant to electric shocks.
You can survive without breathing.
You are immune to petrification.
You are immune to rotting.


Message History

The komodo dragon bites you!
Your magical contamination has completely faded away.
The komodo dragon looks more healthy.
Some of the chunks of flesh in your inventory have rotted away.
Casting: Sandblast
Confirm with . or Enter, or press ? or * to list all spells.
Aiming: Sandblast
Press: ? - help, Shift-Dir - straight line, f/p - komodo dragon
Aim: a komodo dragon (lightly wounded)
The blast of sand hits the komodo dragon.
The komodo dragon is lightly wounded.
The komodo dragon bites you!
* * * LOW HITPOINT WARNING * * *
Some of the chunks of flesh in your inventory have rotted away.
The komodo dragon bites you!
* * * LOW HITPOINT WARNING * * *
Drink which item? (? for menu, Esc to quit)
You feel better. The komodo dragon bites you!!
You die...
Your body glows slightly and disappears.

####...#########.................
.................................
#.[.........#######..............
#...#####...# #.#########..##
#...# #...# #># #..#
#...#####...# #.# #..#
#...........#######.#########..##
.................................
#######........l@......######....
# #...###########..# #...#
#######...###########..######...#
.................................
.................................
##..########.........<)..########
##..########...########..#
...............########..########
.................................


You could see a komodo dragon.

Vanquished Creatures
  A two-headed ogre (D:9)
  Sigmund (D:5)
  6 yaks
  2 hippogriffs
  Grum (D:9)
  3 wolves (D:9)
  2 water moccasins
  2 orc warriors
  3 black bears
  6 ice beasts
  A wasp (D:8)
  7 ogres
  3 sky beasts
  3 centaurs
  A crocodile (D:9)
  3 big kobolds
  4 giant frogs
  2 gnoll sergeants
  3 scorpions
  A killer bee (D:9)
  A howler monkey (D:6)
  4 crimson imps
  A giant frog zombie (D:7)
  4 hounds
  5 orc priests
  3 orc wizards
  2 giant frog skeletons
  2 iguanas
  3 centaur skeletons
  5 worker ants
  A killer bee zombie (D:4)
  3 hound zombies
  A worker ant zombie (D:7)
  A howler monkey skeleton (D:6)
  17 adders
  11 gnolls
  A shadow imp (D:7)
  2 oozes
  An adder skeleton (D:8)
  6 worms
  3 dart slugs
  2 giant geckos
  20 orcs
  3 ball pythons
  8 giant cockroaches
  9 hobgoblins
  9 quokkas
  7 bats
  A giant gecko skeleton (D:7)
  9 giant newts
  7 goblins
  20 kobolds
  13 rats
240 creatures vanquished.

Vanquished Creatures (collateral kills)
  An ogre mage (D:7)
  Joseph (D:8)
  3 killer bees (D:9)
  An orc priest (D:9)
6 creatures vanquished.

Vanquished Creatures (others)
  A killer bee (D:9)
1 creature vanquished.

Grand Total: 247 creatures vanquished

Notes
Turn   | Place    | Note
--------------------------------------------------------------
     0 | D:1      | Kilingo the Gargoyle Earth Elementalist began the quest for the Orb.
     0 | D:1      | Reached XP level 1. HP: 10/10 MP: 3/3
   147 | D:1      | Reached skill level 1 in Armour
   147 | D:1      | Reached XP level 2. HP: 14/16 MP: 0/5
   260 | D:1      | Reached skill level 1 in Throwing
   260 | D:1      | Reached XP level 3. HP: 20/20 MP: 2/6
   300 | D:1      | Reached skill level 1 in Unarmed Combat
   435 | D:1      | Reached skill level 1 in Fighting
   876 | D:2      | Reached XP level 4. HP: 25/25 MP: 4/7
  1706 | D:3      | Reached XP level 5. HP: 18/30 MP: 0/8
  2296 | D:3      | Found a snail-covered altar of Cheibriados.
  2304 | D:3      | Reached XP level 6. HP: 36/36 MP: 6/9
  2846 | D:4      | Found a shimmering altar of Xom.
  2846 | D:4      | Found a glowing golden altar of the Shining One.
  2846 | D:4      | Found a bloodstained altar of Trog.
  3125 | D:4      | Found a glowing drain.
  3182 | Sewer    | Entered a sewer
  3209 | Sewer    | Noticed Purgy
  3377 | D:4      | Reached skill level 1 in Evocations
  3529 | D:4      | Reached XP level 7. HP: 40/40 MP: 8/10
  3906 | D:5      | Entered Level 5 of the Dungeon
  3906 | D:5      | Noticed M4edhros's ghost (novice OpAr)
  3938 | D:5      | Noticed Sigmund
  4788 | D:5      | Found a deep blue altar of Sif Muna.
  4852 | D:5      | Found a staircase to the Ecumenical Temple.
  4889 | Temple   | Entered the Ecumenical Temple
  5028 | Temple   | Became a worshipper of Nemelex Xobeh the Trickster
  5249 | D:5      | Killed Sigmund
  5258 | D:5      | Received a gift from Nemelex Xobeh
  5665 | D:6      | Reached XP level 8. HP: 44/46 MP: 7/12
  5709 | D:6      | Learned a level 3 spell: Stone Arrow
  5728 | D:6      | Upgraded the game from 0.18-a0-1539-g1c7284a to 0.18-a0-1542-g9c1a92e
  5817 | D:6      | Reached skill level 1 in Conjurations
  5834 | D:6      | Learned a level 2 spell: Throw Flame
  5954 | D:6      | Reached skill level 1 in Fire Magic
  7040 | D:7      | Noticed an ogre mage
  7126 | D:7      | Reached * piety under Nemelex Xobeh
  7205 | D:7      | Reached XP level 9. HP: 42/51 MP: 1/13
  7820 | D:7      | Reached skill level 1 in Bows
  8695 | D:7      | Killed an ogre mage
  8838 | D:8      | Noticed Joseph
  8871 | D:8      | Killed Joseph
  8918 | D:8      | Reached XP level 10. HP: 58/58 MP: 0/15
  8933 | D:8      | Learned a level 3 spell: Conjure Flame
  9385 | D:8      | Learned a level 4 spell: Sticky Flame
  9686 | D:8      | Found Paej's Antique Weapon Shoppe.
  9797 | D:8      | Bought a glowing hand crossbow for 126 gold pieces
 10515 | D:9      | Found a staircase to the Orcish Mines.
 10939 | D:9      | Received a gift from Nemelex Xobeh
 11559 | D:9      | Reached XP level 11. HP: 41/62 MP: 0/18
 11808 | D:9      | Found an oddly glowing altar of Pakellas.
 11821 | D:9      | Reached ** piety under Nemelex Xobeh
 11903 | D:9      | Reached skill level 5 in Fire Magic
 11914 | D:9      | Reached skill level 5 in Dodging
 11914 | D:9      | Reached skill level 5 in Evocations
 11937 | D:9      | Noticed Grum
 11942 | D:9      | Killed Grum
 11942 | D:9      | Reached skill level 5 in Armour
 11942 | D:9      | Reached skill level 5 in Spellcasting
 11960 | D:9      | Reached skill level 5 in Bows
 11960 | D:9      | Reached skill level 5 in Throwing
 11960 | D:9      | Reached skill level 5 in Earth Magic
 12067 | D:9      | Reached skill level 5 in Fighting
 12093 | D:9      | Reached skill level 5 in Unarmed Combat
 12093 | D:9      | Reached skill level 5 in Conjurations
 12191 | D:9      | Mangled by a komodo dragon

Vault maps used:
D:1:      onia_arrival_mini_spirals, hangedman_glass_teeth
D:2:      serial_curves, eino_curves_04, eino_curves_04
D:3:      nicolae_overflow_crystal_walls
D:4:      gammafunk_temple_overflow_claw, gup_sewer_entry_bubbles, first_bread
D:5:      led_sif_pool, temple_pool_a, uniq_sigmund
D:7:      grunt_ogre_cave, minmay_three_doors
D:8:      serial_shops, kennysheep_mini_moat, minmay_misc_feat_iff, uniq_joseph
D:9:      grunt_pakellas_mercury, erik_lair_dragon, orc_0_dummy,
          grunt_ministairs_9, uniq_grum
Temple:   water_room_temple_a_12
Sewer:    sewer_co_purgy_island

Skill      XL: |  1  2  3  4  5  6  7  8  9 10 11 |
---------------+----------------------------------+-----
Armour         | 1 2 3 4 5 |  5.0
Throwing       | 1 2 3 4 5 |  5.0
Unarmed Combat | 1 2 3 4 5 |  5.0
Fighting       | 1 2 3 4 5 |  5.0
Dodging        | 2 3 4 5 |  5.0
Evocations     | 1 3 4 5 |  5.0
Spellcasting   | 3 4 5 |  5.0
Conjurations   | 3 4 5 |  5.0
Fire Magic     | 3 4 5 |  5.1
Bows           | 3 4 5 |  5.0
Earth Magic    | 4 5 |  5.0
Stealth        | |  2.8
Transmutations | |  0.7

Action                   |  1- 3 |  4- 6 |  7- 9 | 10-12 || total
-------------------------+-------+-------+-------+-------++-------
Melee: Unarmed           |     2 |    28 |   151 |   145 ||   326
 Fire: Blowgun           |       |    46 |   115 |   107 ||   268
       Shortbow          |       |       |     4 |    26 ||    30
Throw: Stone             |    46 |    45 |     2 |       ||    93
       Tomahawk          |       |    27 |     8 |     1 ||    36
       Throwing net      |       |       |     2 |       ||     2
 Cast: Sandblast         |    32 |   123 |   202 |   204 ||   561
       Stone Arrow       |       |       |    24 |    18 ||    42
       Throw Flame       |       |       |    34 |    46 ||    80
       Conjure Flame     |       |       |       |     3 ||     3
Evoke: Wand              |       |     1 |     7 |       ||     8
       Deck              |       |       |     4 |     2 ||     6
  Use: Scroll            |       |    10 |     7 |     1 ||    18
       Potion            |       |     2 |     5 |     1 ||     8
  Eat: Chunk             |       |    10 |     5 |     5 ||    20
       Meat ration       |       |       |     2 |       ||     2
       Bread ration      |       |       |     1 |     1 ||     2
       Beef jerky        |       |       |     1 |     2 ||     3
